 Dungeon Crawl Stone Soup version 0.23.2-30-g0e89c35649 (webtiles) character file.

Game seed: 10693817460335430013

165 Kobolds4U the Magician (level 5, -7/29 HPs)
             Began as a Deep Elf Wizard on June 17, 2019.
             Killed by divine providence
             ... invoked by an orc priest
              (12 damage)
             ... on level 3 of the Dungeon.
             The game lasted 00:10:38 (4521 turns).

Kobolds4U the Magician (Deep Elf Wizard)            Turns: 4521, Time: 00:10:38

Health: -7/29      AC:  3    Str:  5    XL:     5   Next: 21%
Magic:  9/14       EV: 14    Int: 23    God:
Gold:   48         SH:  0    Dex: 13    Spells: 4/14 levels left

rFire    . . .     SeeInvis +   i - +4 short sword
rCold    . . .     Gourm    .   (no shield)
rNeg     . . .     Faith    .   a - +0 robe
rPois    .         Spirit   .   b - +0 hat
rElec    .         Reflect  .   (no cloak)
rCorr    .         Harm     .   (no gloves)
MR       .....                  j - +0 pair of boots
Stlth    +++.......             (no amulet)
HPRegen  0.09/turn              c - ring of see invisible
MPRegen  0.14/turn              (no ring)

@: no status effects
A: no striking features
a: no special abilities


You were on level 3 of the Dungeon.
You were not hungry.

You visited 1 branch of the dungeon, and saw 3 of its levels.

You collected 48 gold pieces.

Inventory:

Hand Weapons
 f - a +0 dagger
 i - a +4 short sword (weapon)
Armour
 a - a +0 robe (worn)
 b - a +0 hat (worn)
 j - a +0 pair of boots (worn)
Jewellery
 c - a ring of see invisible (left hand)
Scrolls
 e - a scroll of teleportation {unknown}
 g - a scroll of remove curse {unknown}
 h - 3 scrolls of identify {unknown}
 k - 3 scrolls of enchant weapon {unknown}
 l - a scroll of magic mapping {unknown}
Potions
 m - a potion of berserk rage {unknown}
 o - a potion of cancellation {unknown}
Comestibles
 d - 6 rations


   Skills:
 * Level 1.3 Fighting
 - Level 4.0 Dodging
 + Level 4.6 Stealth
 - Level 5.0 Spellcasting
 - Level 2.0 Conjurations
 - Level 1.1 Summonings
 - Level 1.1 Translocations


You had 4 spell levels left.
You knew the following spells:

 Your Spells              Type           Power        Failure   Level  Hunger
a - Magic Dart            Conj           ###.         4%          1    None
b - Blink                 Tloc           N/A          9%          2    None
c - Slow                  Hex            #.......     14%         2    None
d - Call Imp              Summ           ##......     9%          2    None
e - Conjure Flame         Conj/Fire      ##......     19%         3    ##.....

Your spell library contained the following spells:

 Spells                   Type           Power        Failure   Level  Hunger
 Mephitic Cloud           Conj/Pois/Air  #.......     22%         3    ##.....


Dungeon Overview and Level Annotations

Branches:
Dungeon (3/15)

Altars:
Gozag
Nemelex Xobeh
Zin
The Shining One


Message History

You hear a shout!
You hit the orc priest but do no damage.
The orc priest is heavily wounded.
The orc priest completely misses you. The orc priest hits you.
* * * LOW HITPOINT WARNING * * *
You hit the orc priest but do no damage.
The orc priest is heavily wounded.
The orc priest hits you with a +0 dagger.
* * * LOW HITPOINT WARNING * * *
The orc priest barely misses you. The orc priest completely misses you.
You barely miss the orc priest.
The orc priest is heavily wounded.
The orc priest is no longer moving slowly.
The orc priest hits you but does no damage.
Okay, then.
You hit the orc priest.
The orc priest is severely wounded.
The orc priest invokes the aid of Beogh against you.
Beogh smites you!
You die...

#.....########
##############............##
................#.#.#.#.#..#
...#########.##.#.#.#.#.#..#
...........#.##.#.#.#.#.#..####
........#
#.##.#.#.#.#.#.....###
........#
#.##.#.#.#.#.#.....##.
........#
#.##..oo.)..)......##.
.....รท.)#
#.###@##.##........##.
###.....+
#.###o##.............. #.....#
#.....# ..........##. #.....#
#####.# .......#..##. #.....#
#.#.#.8...8.#..### #####.#
#.#.#.......#..# # #.#
#.#.#.......#..# # #.#
#.#.#.......#..# #.#
#.#.#.8.o.8.#..#


You could see 2 orc priests and an orc wizard.

Vanquished Creatures
  2 adders
  4 gnolls (D:3)
  2 worms
  5 leopard geckos
  7 orcs
  11 bats
  4 giant cockroaches
  5 goblins
  9 hobgoblins
  8 jackals
  A quokka (D:2)
  11 frilled lizards
  12 kobolds
  9 rats
90 creatures vanquished.

Notes
Turn   | Place    | Note
-------+----------+-------------------------------------------
     0 | D:1      | Kobolds4U the Deep Elf Wizard began the quest for the Orb.
     0 | D:1      | Reached XP level 1. HP: 10/10 MP: 7/7
   473 | D:1      | Reached XP level 2. HP: 9/15 MP: 2/9
   750 | D:1      | Found a glowing golden altar of the Shining One.
   779 | D:1      | Reached skill level 5 in Spellcasting
  1208 | D:1      | Reached XP level 3. HP: 10/19 MP: 5/11
  1961 | D:2      | Found a glowing silver altar of Zin.
  2159 | D:2      | Found an opulent altar of Gozag.
  2278 | D:2      | Found a faded altar of an unknown god.
  2444 | D:2      | Learned a level 2 spell: Blink
  2447 | D:2      | Learned a level 2 spell: Slow
  2450 | D:2      | Learned a level 2 spell: Call Imp
  2525 | D:2      | Reached XP level 4. HP: 5/24 MP: 9/13
  3176 | D:3      | Found a sparkling altar of Nemelex Xobeh.
  4091 | D:3      | Learned a level 3 spell: Conjure Flame
  4145 | D:3      | Reached skill level 1 in Fighting
  4145 | D:3      | Reached XP level 5. HP: 29/29 MP: 8/14
  4521 | D:3      | Killed from afar by an orc priest

Skill      XL: |  1  2  3  4 |
---------------+-------------+-----
Spellcasting   | 5 |  5.0
Stealth        | 3 4 |  4.6
Conjurations   | 2 |  2.0
Dodging        | 3 4 |  4.0
Fighting       | 1 |  1.3
Summonings     | |  1.1
Translocations | |  1.1

Action                   |  1- 3 |  4- 6 || total
-------------------------+-------+-------++-------
Melee: Dagger            |    13 |       ||    13
       Short sword       |    47 |    72 ||   119
 Cast: Magic Dart        |    83 |    66 ||   149
       Slow              |       |     3 ||     3
       Blink             |       |     1 ||     1
  Use: Potion            |       |     1 ||     1
 Stab: Sleeping          |     4 |     2 ||     6
       Distracted        |       |     1 ||     1
  Eat: Chunk             |     5 |     6 ||    11
Armor: Robe              |    27 |     9 ||    36
       Leather armour    |       |     2 ||     2
Dodge: Dodged            |    84 |    63 ||   147
